 Dungeon Crawl Stone Soup version 0.26.1-11-gd32895ea62 (webtiles) character file.

Game seed: 9646583998451650108

62 ubername the Vandal (level 4, -2/29 HPs)
             Began as a Halfling Hunter on May 3, 2021.
             Slain by Natasha (5 damage)
             ... on level 3 of the Dungeon.
             The game lasted 00:09:44 (2950 turns).

ubername the Vandal (Halfling Hunter)               Turns: 2950, Time: 00:09:44

Health: -2/29      AC:  5    Str: 13    XL:     4   Next: 28%
Magic:  4/4        EV: 15    Int:  9    God:
Gold:   112        SH:  0    Dex: 15    Spells: 3/3 levels left

rFire    . . .     SeeInvis .   b - +0 short sword
rCold    . . .     Faith    .   (shield restricted)
rNeg     . . .     Spirit   .   o - +0 leather armour
rPois    .         Reflect  .   (no helmet)
rElec    .         Harm     .   (no cloak)
rCorr    .         Rampage  .   n - +1 pair of gloves
Will     .....                  (no boots)
Stlth    +++.......             (no amulet)
HPRegen  0.09/turn              j - ring of stealth
MPRegen  0.09/turn              (no ring)

@: no status effects
A: small, mutation resistance 1
a: no special abilities


You were on level 3 of the Dungeon.
You visited 1 branch of the dungeon, and saw 3 of its levels.

You collected 112 gold pieces.

Inventory:

Hand Weapons
 a - a +1 hunting sling
 b - a +0 short sword (weapon)
Missiles
 d - 74 sling bullets
 e - 31 stones (quivered)
Armour
 n - a +1 pair of gloves (worn)
 o - a +0 leather armour (worn)
Jewellery
 i - a cursed ring of teleportation {unknown}
 j - a ring of stealth (left hand)
Scrolls
 c - a scroll of teleportation {unknown}
 l - 3 scrolls of identify
Potions
 f - a potion of curing
 g - 2 potions of heal wounds {unknown}
 h - a potion of cancellation {unknown}
 m - a potion of brilliance {unknown}


   Skills:
 + Level 2.0 Fighting
 + Level 0.2 Short Blades
 + Level 7.1 Slings
 + Level 1.8 Armour
 + Level 2.5 Dodging
 + Level 1.1 Stealth


You had 3 spell levels left.
You didn't know any spells.
Your spell library contained the following spells:

 Spells                   Type           Power        Failure   Level
 Apportation              Tloc           0%           45%         1
 Lesser Beckoning         Tloc           0%           83%         3
 Tukima's Dance           Hex            0%           83%         3
 Alistair's Intoxication  Tmut/Pois      0%           100%        5
 Invisibility             Hex            0%           100%        6


Dungeon Overview and Level Annotations

Branches:
Dungeon (3/15)

Altars:
Kikubaaqudgha
Nemelex Xobeh
Yredelemnul

Annotations:
D:3 Natasha


Innate Abilities, Weirdness & Mutations

You are small and have problems with some larger weapons.
You are somewhat resistant to further mutation.


Message History

Natasha misses you. The crimson imp closely misses you.
Natasha barely misses you. The crimson imp misses you.
The iron imp closely misses you.
You miss Natasha.
Natasha is almost dead.
Natasha claws you!
* * * LOW HITPOINT WARNING * * *
The crimson imp hits you.
* * * LOW HITPOINT WARNING * * *
The crimson imp hits you.
* * * LOW HITPOINT WARNING * * *
As you read the scroll of fear, it crumbles to dust.
You assume a fearsome visage.
Natasha looks frightened!
The iron imp is unaffected.
The crimson imp is unaffected. x2
The iron imp closely misses you. The crimson imp closely misses you.
The crimson imp barely misses you. The crimson imp misses you.
The crimson imp misses you.
Cornered, Natasha turns to fight!
Natasha claws you.
You die...

#..♣.♣......##.#...........# #..
#.♣._.♣....................# #..
#..♣.♣....#.##.#..#........# #..
#...♣.....#.##.#.##.####..## #..
#.........#.##.#..........# #..
#....###..#.##.####.####..## #).
#.#### #..#......##.# ##..####..
#.######..#..#.#h##.# #.........
.............555@##.# #.#..###.†
########.#.#.######.# ##.##'###..
# #.#.#........# #.......#.. #
##.#.#######..# #.......#.. #
#..........#..# #.......#.. #
#..#.####.##..# ##.###..#.. #
#..#.####.....# #.# ##.#.. #
#..#.........## #.# #....
#######..#.........#####.#####...


You could see an iron imp (summoned), Natasha (fast) and 2 crimson imps.

Vanquished Creatures
  An adder (D:2)
  2 dart slugs (D:1)
  3 leopard geckos (D:1)
  A ball python (D:1)
  5 bats (D:1)
  2 giant cockroaches
  7 goblins
  3 hobgoblins (D:1)
  2 jackals (D:2)
  5 kobolds
  8 frilled lizards
  4 rats
  A spectral orc (D:2)
44 creatures vanquished.

Vanquished Creatures (others)
  A withered plant (D:2)
1 creature vanquished.

Grand Total: 45 creatures vanquished

Notes
Turn   | Place    | Note
-------+----------+-------------------------------------------
     0 | D:1      | ubername the Halfling Hunter began the quest for the Orb.
     0 | D:1      | Reached XP level 1. HP: 14/14 MP: 1/1
    31 | D:1      | Reached skill level 6 in Slings
    42 | D:1      | Reached XP level 2. HP: 18/19 MP: 2/2
   546 | D:1      | Reached XP level 3. HP: 24/24 MP: 3/3
   721 | D:1      | Reached skill level 7 in Slings
  1433 | D:2      | Found an ancient bone altar of Kikubaaqudgha.
  1720 | D:2      | Reached skill level 1 in Armour
  1802 | D:2      | Found a sparkling altar of Nemelex Xobeh.
  1831 | D:2      | Reached XP level 4. HP: 29/29 MP: 4/4
  2042 | D:2      | Found a basalt altar of Yredelemnul.
  2869 | D:3      | Found a faded altar of an unknown god.
  2933 | D:3      | Noticed Natasha
  2950 | D:3      | Slain by Natasha

Illustrated notes

Levels and vault maps discovered:
D:1:      shiori_arrival_oz, layout_loops_ring
D:2:      layout_loops_corners, kiku_gazebo_garden_becter, old_standard_altar,
          yredelemnul_forgotten_temple_becter, hangedman_decor_slide_cut
D:3:      layout_basic, lemuel_round_altar,
          chequers_ecumenical_altar_simple_redux, uniq_natasha

Skill      XL: |  1  2  3 |
---------------+----------+-----
Slings         | 6 7 |  7.1
Fighting       | 2 |  2.0
Armour         | 1 |  1.8
Short Blades   | |  0.2
Dodging        | |  2.5
Stealth        | |  1.1

Action                   |  1- 3 |  4- 6 || total
-------------------------+-------+-------++-------
Melee: Short sword       |    89 |    14 ||   103
 Fire: Hunting sling     |    34 |    22 ||    56
  Use: Scroll            |     4 |     3 ||     7
       Potion            |     1 |       ||     1
Armor: Leather armour    |     3 |     2 ||     5
       Ring mail         |    20 |       ||    20
       Robe              |       |     1 ||     1
Dodge: Dodged            |    75 |    27 ||   102
